 Dungeon Crawl Stone Soup version 0.29.1-15-g9cfb28693d (webtiles) character file.

Game seed: 6325502351758972194

477 Eitelfritz the Chopper (level 7, 0/60 HPs)
             Began as a Hill Orc Fighter on Apr 15, 2023.
             Slain by a sky beast (6 damage)
             ... on level 4 of the Dungeon.
             The game lasted 00:05:30 (3869 turns).

Eitelfritz the Chopper (Hill Orc Fighter)           Turns: 3869, Time: 00:05:31

Health: 0/60       AC:  7    Str: 18 (21) XL:     7   Next: 11%
Magic:  7/7        EV: 13    Int:  6 (8)  God:
Gold:   191        SH:  4    Dex:  7 (10) Spells: 6/6 levels left

rFire   . . .      SeeInvis .   a - +0 war axe
rCold   . . .      Faith    .   c - +0 buckler
rNeg    . . .      Spirit   .   q - +0 scale mail
rPois   .          Reflect  .   (no helmet)
rElec   .          Harm     .   (no cloak)
rCorr   .          Rampage  .   (no gloves)
Will    +....                   (no boots)
Stlth   ..........              g - amulet of the acrobat
HPRegen 0.20/turn               f - +4 ring of evasion
MPRegen 0.10/turn               l - ring of willpower

@: flying
A: no striking features
a: no special abilities


You were on level 4 of the Dungeon.
You visited 1 branch of the dungeon, and saw 4 of its levels.

You collected 191 gold pieces.

Inventory:

Hand Weapons
 a - a +0 war axe (weapon)
 b - a +0 sling
Armour
 c - a +0 buckler (worn)
 q - a +0 scale mail (worn)
Jewellery
 f - a +4 ring of evasion (left hand)
 g - an amulet of the acrobat (around neck)
 l - a ring of willpower (right hand)
Wands
 d - a wand of flame (22)
Scrolls
 e - 4 scrolls of identify {unknown}
 i - 2 scrolls of fog {unknown}
 k - a scroll of blinking {unknown}
 m - a scroll of fear {unknown}
 n - a scroll of enchant armour {unknown}
 o - a scroll of magic mapping {unknown}
Potions
 h - a potion of flight
 p - a potion of degeneration
 r - a potion of resistance {unknown}


   Skills:
 + Level 4.7 Fighting
 + Level 7.0 Axes
 + Level 4.9 Armour
 + Level 1.0 Dodging
 + Level 0.4 Stealth
 + Level 4.2 Shields


You had 6 spell levels left.
You didn't know any spells.
Your spell library contained the following spells:

 Spells                   Type           Power      Damage    Failure   Level
 Freeze                   Ice            0%         1d3       89%         1
 Frozen Ramparts          Ice            0%         1d1       99%         3
 Hailstorm                Conj/Ice       0%         3d3       100%        4


Dungeon Overview and Level Annotations

Branches:
Dungeon (4/15)
 Temple: D:4-7

Altars:
Makhleb

Annotations:
D:4 1 runed translucent door, Crazy Yiuf


Message History

The sky beast shocks you.
You closely miss the sky beast. The sky beast barely misses you.
You hit the sky beast but do no damage. You block the sky beast's attack.
You barely miss the sky beast.
The sky beast flickers out of sight!
Deactivating autopickup; reactivate with Ctrl-A.
Something hits you. Something shocks you.
You slash something! Something hits you but does no damage.
You miss something. Something hits you. Something shocks you.
Something hits you. Something shocks you.
* * * LOW HITPOINT WARNING * * *
You completely miss something.
A sky beast appears from thin air!
Reactivating autopickup.
The sky beast hits you.
* * * LOW HITPOINT WARNING * * *
The sky beast shocks you.
* * * LOW HITPOINT WARNING * * *
You hit the sky beast.
The sky beast is heavily wounded.
The sky beast closely misses you.
You slash the sky beast!
The sky beast is almost dead.
The sky beast hits you.
* * * LOW HITPOINT WARNING * * *
The sky beast shocks you.
* * * LOW HITPOINT WARNING * * *
It was a potion of flight.
You feel very buoyant.
You fly up into the air.
The sky beast flickers out of sight!
Deactivating autopickup; reactivate with Ctrl-A.
Something barely misses you.
It was a potion of degeneration.
There was something very wrong with that liquid.
You feel weakened.
You feel dopey.
You feel clumsy. Something barely misses you.
It was a potion of curing.
You feel better. Something hits you but does no damage.
You barely miss something. Something hits you.
* * * LOW HITPOINT WARNING * * *
Something shocks you.
You die...

#.#.###.# #....
#.#..##.## ....
#.##.##... #...
#.##.##..# #..
#........# ...
###...##.# #.# #...##.#
#{# #####...##.#
.###.#@#####...........
.................)......
..###.#>#####...........
...#.# #####'###### ###
#.. ##8.8## ##.
##.....## . ##8.....8##
.# ##.........##
#8.........8#


There were no monsters in sight!

Vanquished Creatures
  Grinder (D:4)
  A phantom (D:4)
  An orc priest (D:3)
  2 iguanas (D:4)
  An orc wizard (D:3)
  4 adders
  A worm (D:3)
  2 dart slugs
  6 orcs (D:3)
  5 bats
  7 endoplasms
  3 giant cockroaches
  5 hobgoblins
  7 kobolds
  3 quokkas
  6 ball pythons
  2 frilled lizards
  15 goblins
  3 rats
75 creatures vanquished.

Notes
Turn   | Place    | Note
-------+----------+-------------------------------------------
     0 | D:1      | Eitelfritz the Hill Orc Fighter began the quest for the
                  | Orb.
     0 | D:1      | Reached XP level 1. HP: 19/19 MP: 1/1
   415 | D:1      | Reached XP level 2. HP: 20/26 MP: 2/2
   911 | D:1      | Reached skill level 3 in Axes
   911 | D:1      | Reached XP level 3. HP: 23/33 MP: 3/3
  1648 | D:2      | Reached XP level 4. HP: 40/40 MP: 4/4
  2292 | D:3      | Reached skill level 4 in Axes
  2815 | D:3      | Found a burning altar of Makhleb.
  2838 | D:3      | Reached XP level 5. HP: 44/46 MP: 5/5
  2902 | D:3      | Reached skill level 5 in Axes
  3218 | D:4      | Noticed a phantom
  3225 | D:4      | Killed a phantom
  3226 | D:4      | Reached XP level 6. HP: 44/52 MP: 6/6
  3348 | D:4      | Found a runed translucent door.
  3349 | D:4      | Noticed Crazy Yiuf
  3439 | D:4      | Reached skill level 6 in Axes
  3647 | D:4      | Noticed Grinder
  3657 | D:4      | Killed Grinder
  3658 | D:4      | Reached skill level 7 in Axes
  3658 | D:4      | Reached skill level 1 in Dodging
  3658 | D:4      | Reached XP level 7. HP: 45/60 MP: 7/7
  3865 | D:4      | HP: 3/60 [sky beast (6)]
  3869 | D:4      | Slain by a sky beast

Illustrated notes

Levels and vault maps discovered:
D:1:      dpeg_arrival_radiant, layout_loops_corners,
          chequers_serial_rivers_micro_b
D:2:      layout_basic
D:3:      layout_loops_cross, lightli_temple_of_fire
D:4:      layout_loops_cross, serial_shops, nicolae_shop_waterfront,
          dk_noncrumbling_4, uniq_grinder, uniq_crazy_yiuf_cottage

Skill      XL: |  1  2  3  4  5  6 |
---------------+-------------------+-----
Axes           | 3 4 5 7 |  7.0
Armour         | 4 |  4.9
Fighting       | 4 |  4.7
Dodging        | 1 |  1.0
Shields        | 4 |  4.2
Stealth        | |  0.4

Action                   |  1- 3 |  4- 6 |  7- 9 || total
-------------------------+-------+-------+-------++-------
Melee: War axe           |    85 |   105 |    22 ||   212
  Use: Potion            |       |     2 |     3 ||     5
Armor: Scale mail        |    30 |    26 |     5 ||    61
Dodge: Dodged            |    54 |    82 |    10 ||   146
Block: Buckler           |    20 |    19 |     5 ||    44
